 Dungeon Crawl Stone Soup version 0.28-a0-657-g71136c5590 (webtiles) character file.

Game seed: 8867663934427903346

68 Dittersdorf the Covered (level 4, -5/29 HPs)
             Began as a Gargoyle Fighter on Oct 13, 2021.
             Killed by divine providence
             ... invoked by an orc priest
              (11 damage)
             ... on level 6 of the Dungeon.
             The game lasted 00:02:10 (2552 turns).

Dittersdorf the Covered (Gargoyle Fighter)          Turns: 2552, Time: 00:02:10

Health: -5/29      AC: 14    Str: 20    XL:     4   Next: 19%
Magic:  4/4        EV:  3    Int:  9    God:
Gold:   50         SH: 11    Dex:  9    Spells: 3/3 levels left

rFire   . . .      SeeInvis .   a - +0 flail
rCold   . . .      Faith    .   g - +0 tower shield
rNeg    + . .      Spirit   .   k - +0 chain mail
rPois   ∞          Reflect  .   (no helmet)
rElec   +          Harm     .   (no cloak)
rCorr   .          Rampage  .   h - +0 pair of gloves
Will    .....                   (no boots)
Stlth   ..........              (no amulet)
HPRegen 0.09/turn               (no ring)
MPRegen 0.09/turn               (no ring)

@: no status effects
A: sickness immunity, AC +3, negative energy resistance 1, electricity
resistance, torment resistance 1, petrification resistance
a: no special abilities


You were on level 6 of the Dungeon.
You visited 1 branch of the dungeon, and saw 4 of its levels.

You collected 50 gold pieces.

Inventory:

Hand Weapons
 a - a +0 flail (weapon)
Armour
 g - a +0 tower shield (worn)
 h - a +0 pair of gloves (worn)
 k - a +0 chain mail (worn)
Scrolls
 c - a scroll of magic mapping {unknown}
 e - 2 scrolls of identify {unknown}
 f - a scroll of teleportation {unknown}
 i - 2 scrolls of blinking {unknown}
 j - 2 scrolls of immolation {unknown}
 l - a scroll of enchant weapon {unknown}
 m - a scroll of enchant armour {unknown}
Potions
 b - a potion of curing {unknown}
 d - 2 potions of might


   Skills:
 + Level 3.8 Fighting
 + Level 2.6 Maces & Flails
 + Level 4.0 Armour
 + Level 3.9 Shields


You had 3 spell levels left.
You didn't know any spells.
Your spell library contained the following spells:

 Spells                   Type           Power      Damage    Failure   Level
 Beastly Appendage        Tmut           0%         N/A       100%        1
 Wereblood                Tmut           0%         N/A       100%        2
 Spider Form              Tmut/Pois      0%         N/A       100%        3


Dungeon Overview and Level Annotations

Branches:
Dungeon (3/15)

Altars:


Innate Abilities, Weirdness & Mutations

You are immune to sickness and miasma.
Your stone body is resilient. (AC +3)
You are immune to poison.
You resist negative energy. (rN+)
You are resistant to electric shocks. (rElec)
You are resistant to unholy torment.
You are immune to petrification.


Message History

The shaft crumbles and collapses.
A bullfrog, 3 orcs and a skeleton come into view.
The orc wizard is wielding a +2 dagger of electrocution.
The orc priest is wielding a +1 dagger of venom.
The orc shouts!
The orc priest shouts!
Search for what [? for help]? fair Can't find anything matching that.
Enter note:
Enter note: that's fair A bullfrog skeleton comes into view.
An orc comes into view. It is wielding a +0 club.
The orc shouts!
The orc wizard mumbles some strange words.
The orc wizard flickers and vanishes!
Deactivating autopickup; reactivate with Ctrl-A.
The orc priest miscasts a cantrip.
Found a leather armour.
You block the bullfrog's attack. The bullfrog barely misses you.
You block the bullfrog's attack.
The bullfrog hits you but does no damage.
You block the bullfrog's attack. The bullfrog hits you.
The bullfrog hits you but does no damage.
The bullfrog hits you.
You open the door.
The bullfrog snags a nearby baby bat with its tongue.
You block the bullfrog's attack.
The bullfrog hits you but does no damage.
Found 7 gold pieces.
There is an open door here.
The orc priest calls down the wrath of Beogh upon you.
Beogh smites you!
* * * LOW HITPOINT WARNING * * *
You block the bullfrog's attack. The bullfrog hits you.
* * * LOW HITPOINT WARNING * * *
The bullfrog hits you but does no damage.
The orc priest calls down the wrath of Beogh upon you.
Beogh smites you!
You die...

..............Z.#.....#
...........o.o..'.....#
..Z.......[.Z...#o$...#
................#o....+
..###...#########..##.#
..###...# ##..# #
.......... #.Z.#
........... #F..#
........... #@..+
........... #...#
......... #...#
......... #...#
#######.# #...# .#
#####


You could see a bullfrog, an orc priest, an orc and a bullfrog skeleton.

Vanquished Creatures
  2 adders
  A worm (D:2)
  A dart slug (D:2)
  2 bats (D:1)
  5 endoplasms
  A giant cockroach (D:1)
  5 goblins (D:2)
  6 hobgoblins
  2 quokkas (D:2)
  4 ball pythons (D:1)
  5 frilled lizards
  4 kobolds
  4 rats (D:1)
42 creatures vanquished.

Notes
Turn   | Place    | Note
-------+----------+-------------------------------------------
     0 | D:1      | Dittersdorf the Gargoyle Fighter began the quest for the
                  | Orb.
     0 | D:1      | Reached XP level 1. HP: 14/14 MP: 1/1
   512 | D:1      | Reached XP level 2. HP: 16/19 MP: 2/2
  1532 | D:1      | Reached XP level 3. HP: 23/23 MP: 3/3
  1997 | D:2      | Reached XP level 4. HP: 25/29 MP: 4/4
  2042 | D:2      | Reached skill level 4 in Armour
  2523 | D:3      | You fall into a shaft and drop 3 floors!
  2523 | D:6      | Noticed a bullfrog
  2524 | D:6      | that's fair
  2552 | D:6      | Killed from afar by an orc priest

Illustrated notes

.........
....... ......
..... . #...#
.F#
#####...###...#
...............
.......@.......
..o............
.o.............
...............
.o.............
##.##.#######Z#
#. ## # .


Turn 2524 on D:6: that's fair

Levels and vault maps discovered:
D:1:      eino_arrival_cavern_b, layout_loops_corners
D:2:      layout_loops_ring, grunt_ministairs_3
D:3:      layout_loops_cross, nicolae_sif_muna_condensation,
          cheibrodos_ashenzari_chains, ebering_ghost_reflecting_pool,
          ebering_ecumenical_altar_petrified
D:6:      layout_gridville, gammafunk_ghost_split, uniq_maggie

Skill      XL: |  1  2  3  4 |
---------------+-------------+-----
Armour         | 4 |  4.0
Fighting       | |  3.8
Maces & Flails | |  2.6
Shields        | |  3.9

Action                   |  1- 3 |  4- 6 || total
-------------------------+-------+-------++-------
Melee: Flail             |    94 |    29 ||   123
Armor: Scale mail        |    39 |       ||    39
       Chain mail        |       |    18 ||    18
Dodge: Dodged            |    17 |     1 ||    18
Block: Tower shield      |    50 |    28 ||    78
       Buckler           |     2 |       ||     2

Table legend: (Time is in decaauts)
 A = Elapsed time spent in this place.
 B = Non-inter-level travel time spent in this place.
 C = Inter-level travel time spent in this place.
 D = Time resting spent in this place.
 E = Time spent auto-exploring this place.
 F = Levels seen in this place.
 G = Mean time per level.
                   A        B        C        D        E       F      G
               +--------+--------+--------+--------+--------+-----+--------+
         Total |   2637 |   2589 |     48 |    291 |   1886 |   4 |  659.2 |
       Dungeon |   2637 |   2589 |     48 |    291 |   1886 |   4 |  659.2 |
               +--------+--------+--------+--------+--------+-----+--------+

Top non-repeatable levels by time:
     D:1: 1667 daAuts
     D:2: 940 daAuts
     D:6: 28 daAuts
     D:3: 0 daAuts
